 Dungeon Crawl Stone Soup version 0.23.2-1-ga50397a (webtiles) character file.

Game seed: 16440498443456981956

937848 dvd the Minotaur Barricade (level 27, -7/273 HPs)
             Began as a Minotaur Fighter on Apr 18, 2019.
             Was the Champion of Makhleb.
             Mangled by Antaeus (14 damage)
             ... on level 7 of Cocytus on Apr 22, 2019.
             The game lasted 04:07:51 (62738 turns).

dvd the Minotaur Barricade (Minotaur Fighter)      Turns: 62738, Time: 04:07:51

Health: -7/273     AC: 57    Str: 41    XL:     27
Magic:  33/33      EV: 27    Int:  9    God:    Makhleb [******]
Gold:   8890       SH: 39    Dex: 27    Spells: 36/41 levels left

rFire    + + +     SeeInvis +   o - +4 broad axe of the Sun {vamp, Str+7}
rCold    + + +     Gourm    .   J - +8 large shield {AC+3}
rNeg     + + .     Faith    .   b - +11 crystal plate armour of Context {*Slow rF+ rC+ MR+}
rPois    +         Spirit   .   P - +3 crown of Dyrovepreva {rElec Int+2 SInv}
rElec    +         Reflect  .   x - scarf {rC+ rF+}
rCorr    .         Harm     .   y - +2 pair of gloves {Str+3}
MR       +++++                  A - +3 pair of boots of the Locust {rN+ MR+}
Stlth    ..........             g - amulet "Avahe" {Acrobat rPois Slay+6}
HPRegen  0.55/turn              Y - ring "Jileklek" {rN+ MR+ Dex+7}
MPRegen  0.23/turn              r - ring of the Aged Dreams {rPois rF+ Slay+3}

@: mighty, frozen, flying, hasted, studying Throwing, quick
A: retaliatory headbutt, horns 2, repulsion field 1, agile 1, blurry vision 1,
clever 1, cold resistance 1, electricity resistance, no potion heal 2
}: 8/15 runes: decaying, serpentine, slimy, silver, iron, obsidian, bone,
abyssal
a: Minor Destruction, Lesser Servant of Makhleb, Major Destruction, Greater
Servant of Makhleb, Renounce Religion


You were on level 7 of Cocytus.
You worshipped Makhleb.
Makhleb was exalted by your worship.
You were very hungry.

You visited 16 branches of the dungeon, and saw 81 of its levels.
You visited the Abyss 1 time.
You also visited: Trove and Volcano.

You collected 15755 gold pieces.
You spent 6865 gold pieces at shops.

Inventory:

Hand Weapons
 o - the +4 broad axe of the Sun (weapon) {vamp, Str+7}
   (Okawaru gifted it to you on level 1 of the Lair of Beasts)

   It inflicts no extra harm, but heals its wielder when it wounds a living foe.
   It affects your strength (+7).
Missiles
 z - 13 steel javelins
 R - 12 poisoned javelins (quivered)
 Z - 14 tomahawks of returning
Armour
 b - the +11 crystal plate armour of Context (worn) {*Slow rF+ rC+ MR+}
   (Okawaru gifted it to you on level 2 of the Elven Halls)

   It protects you from fire.
   It protects you from cold.
   It affects your resistance to hostile enchantments.
   It may slow you when you take damage.
 j - the +7 chain mail of the Thirteen Dreams {Regen+ Str+8 Stlth+}
   (You found it on level 4 of the Depths)

   It affects your strength (+8).
   It increases your rate of regeneration.
   It makes you more stealthy.
 x - a scarf of resistance (worn)
 y - a +2 pair of gloves of strength (worn)
 A - the +3 pair of boots of the Locust (worn) {rN+ MR+}
   (You acquired it on level 1 of the Pits of Slime)

   It protects you from negative energy.
   It affects your resistance to hostile enchantments.
 J - a +8 large shield of protection (worn)
 K - a scarf of spirit shield
 P - the +3 crown of Dyrovepreva (worn) {rElec Int+2 SInv}
   (You found it on level 4 of the Swamp)

   It affects your intelligence (+2).
   It insulates you from electricity.
   It lets you see invisible.
Jewellery
 g - the amulet "Avahe" (around neck) {Acrobat rPois Slay+6}
   (You bought it in a shop on level 2 of the Depths)

   [amulet of the acrobat]

   It helps you evade while moving and waiting.
   It affects your accuracy and damage with ranged weapons and melee attacks
   (+6).
   It protects you from poison.
 n - an uncursed ring of resist corrosion
 r - the ring of the Aged Dreams (right hand) {rPois rF+ Slay+3}
   (You bought it in a shop on level 2 of the Depths)

   [ring of poison resistance]

   It affects your accuracy and damage with ranged weapons and melee attacks
   (+3).
   It protects you from fire.
   It protects you from poison.
 w - the ring of Trepidation {-Tele rElec rF+ Dex+3 SInv}
   (You found it on level 7 of the Iron City of Dis)

   [ring of protection from fire]

   It affects your dexterity (+3).
   It protects you from fire.
   It insulates you from electricity.
   It lets you see invisible.
   It prevents most forms of teleportation.
 H - the ring "Peithrehi" {rC+ MR+ Str+4}
   (You bought it in a shop on level 2 of the Depths)

   [ring of protection from magic]

   It affects your strength (+4).
   It protects you from cold.
   It affects your resistance to hostile enchantments.
 Q - the ring "Vockeg" {rF+ MP+9 Int+7}
   (You acquired it on level 5 of the Pits of Slime)

   [ring of protection from fire]

   It affects your intelligence (+7).
   It protects you from fire.
   It affects your magic capacity (+9).
 Y - the ring "Jileklek" (left hand) {rN+ MR+ Dex+7}
   (You found it on level 3 of the Depths)

   [ring of protection from magic]

   It affects your dexterity (+7).
   It protects you from negative energy.
   It affects your resistance to hostile enchantments.
Wands
 a - a wand of clouds (4)
 s - a wand of disintegration (9)
 t - a wand of paralysis (22)
 v - a wand of acid (53)
 E - a wand of digging (20)
 O - a wand of scattershot (4)
 S - a wand of flame (74)
 X - a wand of iceblast (30)
Scrolls
 e - 5 scrolls of fog
 h - 24 scrolls of identify
 l - 6 scrolls of blinking
 p - 37 scrolls of remove curse
 u - 18 scrolls of teleportation
 B - 4 scrolls of fear
 C - a scroll of enchant weapon
 G - a scroll of holy word
 L - 8 scrolls of enchant armour
 W - 4 scrolls of magic mapping
Potions
 c - 3 potions of invisibility
 d - 5 potions of might
 i - 7 potions of flight
 k - 4 potions of heal wounds
 m - 5 potions of ambrosia
 q - 10 potions of agility
 F - 15 potions of curing
 I - a potion of resistance
 M - 6 potions of haste
 N - 4 potions of magic
 T - 4 potions of mutation
 V - a potion of cancellation
Books
 D - a manual of Throwing
Comestibles
 f - 78 rations


   Skills:
 O Level 27 Fighting
 O Level 27 Axes
 * Level 19.4 Throwing
 O Level 27 Armour
 * Level 17.8 Dodging
 + Level 4.0 Stealth
 O Level 27 Shields
 * Level 7.9 Spellcasting
 * Level 8.6 Summonings
 + Level 13.4 Invocations
 + Level 3.4 Evocations


You had 36 spell levels left.
You knew the following spells:

 Your Spells              Type           Power        Failure   Level  Hunger
a - Aura of Abjuration    Summ           ###.......   45%         5    ######.

Your spell library contained the following spells:

 Spells                   Type           Power        Failure   Level  Hunger
 Summon Butterflies       Summ           ###.....     1%          1    None
 Summon Small Mammal      Summ           ###.         1%          1    None
 Call Imp                 Summ           ###.....     2%          2    ##.....
 Call Canine Familiar     Summ           ###.....     5%          3    ###....
 Recall                   Summ/Tloc      N/A          32%         3    ###....
 Summon Guardian Golem    Hex/Summ       ##......     32%         3    ###....
 Summon Demon             Summ           ###.......   45%         5    ######.
 Animate Skeleton         Necr           N/A          54%         1    None
 Apportation              Tloc           #.....       54%         1    None
 Beastly Appendage        Tmut           #.....       54%         1    None
 Confusing Touch          Hex            #.....       54%         1    None
 Corona                   Hex            #......      54%         1    None
 Flame Tongue             Conj/Fire      #....        54%         1    None
 Freeze                   Ice            #...         54%         1    None
 Infusion                 Chrm           #...         54%         1    None
 Magic Dart               Conj           #...         54%         1    None
 Sandblast                Erth           #.....       54%         1    None
 Shock                    Conj/Air       #...         54%         1    None
 Sting                    Conj/Pois      #...         54%         1    None
 Blink                    Tloc           N/A          67%         2    ##.....
 Corpse Rot               Necr           N/A          67%         2    ##.....
 Ensorcelled Hibernation  Hex/Ice        #.....       67%         2    ##.....
 Passwall                 Tmut/Erth      #.......     67%         2    ##.....
 Poisonous Vapours        Pois/Air       #.....       67%         2    ##.....
 Searing Ray              Conj           #.....       67%         2    ##.....
 Shroud of Golubria       Chrm/Tloc      #.........   67%         2    ##.....
 Slow                     Hex            #.......     67%         2    ##.....
 Song of Slaying          Chrm           #.......     67%         2    ##.....
 Sticks to Snakes         Tmut           #.......     67%         2    ##.....
 Sublimation of Blood     Necr           #.........   67%         2    ##.....
 Swiftness                Chrm/Air       #.......     67%         2    ##.....
 Throw Flame              Conj/Fire      #.....       67%         2    ##.....
 Summon Ice Beast         Ice/Summ       ##......     71%         4    ####...
 Summon Lightning Spire   Summ/Air       ##......     71%         4    ####...
 Confuse                  Hex            #.......     88%         3    ###....
 Conjure Flame            Conj/Fire      #.......     88%         3    ###....
 Dazzling Spray           Conj/Hex       #.....       88%         3    ###....
 Gell's Gravitas          Tloc           #.........   88%         3    ###....
 Ignite Poison            Fire/Tmut/Pois #.......     88%         3    ###....
 Inner Flame              Hex/Fire       #.......     88%         3    ###....
 Lesser Beckoning         Tloc           #.........   88%         3    ###....
 Mephitic Cloud           Conj/Pois/Air  #.......     88%         3    ###....
 Ozocubu's Armour         Chrm/Ice       #.......     88%         3    ###....
 Portal Projectile        Hex/Tloc       #.....       88%         3    ###....
 Regeneration             Chrm/Necr      #.........   88%         3    ###....
 Spectral Weapon          Hex/Chrm       #.......     88%         3    ###....
 Spider Form              Tmut/Pois      #.........   88%         3    ###....
 Static Discharge         Conj/Air       #.......     88%         3    ###....
 Stone Arrow              Conj/Erth      #.....       88%         3    ###....
 Teleport Other           Tloc           #.......     88%         3    ###....
 Tukima's Dance           Hex            #.......     88%         3    ###....
 Shadow Creatures         Summ           N/A          95%         6    #######
 Summon Forest            Summ/Tloc      ##........   96%         5    ######.
 Summon Mana Viper        Hex/Summ       ##......     96%         5    ######.
 Airstrike                Air            #.........   99%         4    ####...
 Animate Dead             Necr           N/A          99%         4    ####...
 Cause Fear               Hex            #.........   99%         4    ####...
 Force Lance              Conj/Tloc      #.......     99%         4    ####...
 Fulminant Prism          Conj/Hex       #.........   99%         4    ####...
 Ice Form                 Ice/Tmut       #.......     99%         4    ####...
 Iskenderun's Mystic Bla  Conj           #.......     99%         4    ####...
 Leda's Liquefaction      Hex/Erth       #.........   99%         4    ####...
 Olgreb's Toxic Radiance  Pois           #.......     99%         4    ####...
 Passage of Golubria      Tloc           N/A          99%         4    ####...
 Petrify                  Tmut/Erth      #.......     99%         4    ####...
 Sticky Flame             Conj/Fire      #.......     99%         4    ####...
 Alistair's Intoxication  Tmut/Pois      #.......     100%        5    ######.
 Blade Hands              Tmut           #.........   100%        5    ######.
 Bolt of Draining         Conj/Necr      #.........   100%        5    ######.
 Borgnjor's Vile Clutch   Necr/Erth      #.........   100%        5    ######.
 Dispel Undead            Necr           #.......     100%        5    ######.
 Excruciating Wounds      Chrm/Necr      #.........   100%        5    ######.
 Fireball                 Conj/Fire      #.........   100%        5    ######.
 Irradiate                Conj/Tmut      #.........   100%        5    ######.
 Iskenderun's Battlesphe  Conj/Chrm      #.......     100%        5    ######.
 Lee's Rapid Deconstruct  Erth           #.........   100%        5    ######.
 Lightning Bolt           Conj/Air       #.........   100%        5    ######.
 Metabolic Englaciation   Hex/Ice        #.........   100%        5    ######.
 Silence                  Hex/Air        #.........   100%        5    ######.
 Venom Bolt               Conj/Pois      #.........   100%        5    ######.
 Yara's Violent Unravell  Hex/Tmut       #.........   100%        5    ######.
 Bolt of Fire             Conj/Fire      #.........   100%        6    #######
 Darkness                 Hex            #.........   100%        6    #######
 Death Channel            Necr           #.........   100%        6    #######
 Dispersal                Tloc           #.........   100%        6    #######
 Freezing Cloud           Conj/Ice/Air   #.........   100%        6    #######
 Hydra Form               Tmut           #.........   100%        6    #######
 Invisibility             Hex            #.......     100%        6    #######
 Poison Arrow             Conj/Pois      #.........   100%        6    #######
 Simulacrum               Ice/Necr       #.........   100%        6    #######
 Statue Form              Tmut/Erth      #........    100%        6    #######
 Dragon Form              Tmut           #.........   100%        7    #######
 Malign Gateway           Summ/Tloc      ##........   100%        7    #######
 Monstrous Menagerie      Summ           ###.......   100%        7    #######
 Ring of Flames           Chrm/Fire      #.........   100%        7    #######
 Summon Greater Demon     Summ           ###.......   100%        7    #######
 Summon Hydra             Summ           ###.......   100%        7    #######
 Chain Lightning          Conj/Air       #.........   100%        8    #######
 Controlled Blink         Tloc           N/A          100%        8    #######
 Disjunction              Tloc           #.........   100%        8    #######
 Ignition                 Fire           #.........   100%        8    #######
 Lehudib's Crystal Spear  Conj/Erth      #.........   100%        8    #######
 Summon Horrible Things   Summ           ###.......   100%        8    #######
 Dragon's Call            Summ           ###.......   100%        9    #######
 Fire Storm               Conj/Fire      #.........   100%        9    #######
 Glaciate                 Conj/Ice       #.........   100%        9    #######
 Shatter                  Erth           #.........   100%        9    #######
 Tornado                  Air            #.........   100%        9    #######


Dungeon Overview and Level Annotations

Branches:
Dungeon (15/15)            Temple (1/1) D:6            Lair (6/6) D:11
  Swamp (4/4) Lair:3        Snake (4/4) Lair:3        Slime (5/5) Lair:6
    Orc (2/2) D:10            Elf (3/3) Orc:2        Vaults (5/5) D:13
  Crypt (3/3) Vaults:3       Tomb (0/3) Crypt:3      Depths (4/5) D:15
   Hell (1/1)                 Dis (7/7) Hell            Geh (7/7) Hell
    Coc (7/7) Hell            Tar (7/7) Hell

Altars:
Ashenzari
Cheibriados
Dithmenos
Elyvilon
Fedhas
Gozag
Hepliaklqana
Kikubaaqudgha
Makhleb
Nemelex Xobeh
Okawaru
Qazlal
Ru
Sif Muna
Trog
Uskayaw
Vehumet
Wu Jian
Xom
Yredelemnul
Zin
The Shining One
Beogh
Jiyva
Lugonu

Shops:
D:5 [(:%!   D:12 ?   D:14 :   Orc:2 :![?   Elf:2 (   Snake:1 *   Snake:3 (
Vaults:1 (   Vaults:2 *   Vaults:3 (%(?   Vaults:5 }![??%?%   Depths:2 *}==

Portals:
Hell: Depths:1 Depths:2 Depths:3 Depths:4
Abyss: Depths:4
Pandemonium: Depths:3

Annotations:
Elf:2 1 runed translucent door
Coc:7 Antaeus


Innate Abilities, Weirdness & Mutations

You reflexively headbutt those who attack you in melee.
You have a pair of horns on your head.
You are surrounded by a mild repulsion field. (EV +2)
You are agile. (Dex +2)
Scrolls take you a little longer to read.
Your mind is acute. (Int +2)
Your flesh is cold resistant. (rC+)
You are resistant to electric shocks. (rElec)
Potions are poor at restoring your health.


Message History

An ice devil comes into view.
The Ice Fiend gestures at you.
The bolt of cold hits the Ice Fiend.
The Ice Fiend completely resists.
The bolt of cold misses you.
The Ice Fiend calls on the powers of darkness!
Your body is wracked with pain!
* * * LOW HITPOINT WARNING * * *
You barely miss Antaeus. You headbutt Antaeus, but do no damage.
Antaeus is almost dead.
You barely miss the Ice Fiend.
Your crystal plate armour of Context prevents you from hitting the Ice Fiend.
The Ice Fiend calls on the powers of darkness!
Your body is wracked with pain!
* * * LOW HITPOINT WARNING * * *
You slash Antaeus!
Antaeus is almost dead.
You slash the Ice Fiend!
You slice the ice devil like a ripe choko!!!
You slice the Ice Fiend!! Antaeus hits you!
You die...

,,≈≈≈≈≈≈≈≈≈≈≈≈≈≈≈≈≈≈≈≈≈≈≈≈≈≈≈≈≈≈≈
≈,,,≈≈≈≈≈≈≈≈≈≈≈≈≈≈≈≈≈≈≈≈≈≈≈≈≈≈≈≈≈
≈≈≈,,≈≈≈≈≈≈≈≈≈≈≈≈≈≈≈≈≈≈≈≈≈≈≈≈≈≈≈≈
≈≈≈≈≈,,≈≈≈≈≈≈≈≈≈≈≈≈≈≈≈≈≈≈≈≈≈,,≈≈≈
≈≈≈≈≈≈≈≈≈≈≈≈≈≈EZZ≈≈≈≈≈≈≈≈≈≈,,,≈≈≈
≈≈≈≈≈≈≈≈≈≈..4.z.Z..≈≈≈≈≈≈≈,,,≈≈≈≈
≈≈≈≈≈≈≈≈≈...1Z)Ez....≈≈≈≈≈≈≈≈≈≈≈≈
≈≈≈≈≈≈≈≈...###2###...≈≈≈≈≈≈≈≈≈≈≈≈
≈≈≈≈≈≈≈.,,##..11@##,,.≈≈≈≈≈≈≈≈≈≈≈
≈≈≈≈≈≈≈,,,#....C14#,,,≈≈≈≈≈≈≈≈≈≈≈
≈≈≈≈≈≈≈...'.∩.∩.1.....≈≈≈≈≈≈≈≈≈≈≈
≈≈≈≈≈≈≈...#.......#...≈≈≈≈≈≈≈≈≈≈≈
≈≈≈≈≈≈≈..,##.....##...≈≈≈≈≈≈≈≈≈≈≈
≈≈≈≈≈≈≈≈,,,###'###,,.≈≈≈≈≈≈≈≈≈≈≈≈
≈≈≈≈≈≈≈≈≈,,,,..,,,,,,≈≈≈≈≈≈≈≈≈≈≈≈
≈≈≈≈≈≈≈≈≈≈≈,...,,,,≈≈≈≈≈≈≈≈≈≈≈≈≈≈
≈≈≈≈≈≈≈≈≈≈≈≈≈≈≈≈≈≈≈≈≈≈≈≈≈≈≈≈≈≈≈≈≈


You could see Antaeus, 5 Ice Fiends, a blizzard demon, 2 ice devils and a storm
dragon skeleton.

Vanquished Creatures
  Asmodeus (Geh:7)
  the Royal Jelly (Slime:5)
  Ereshkigal (Tar:7)
  the Serpent of Hell (Coc:7)
  Dispater (Dis:7)
  2 ancient liches
  Vashnia (Snake:2)
  Saint Roka (Snake:3)
  Margery (Depths:3)
  the Lernaean hydra (Swamp:4)
  3 shard shrikes
  Geryon (Hell)
  Nikola (Snake:2)
  4 bone dragons
  3 golden dragons
  7 doom hounds
  25 Tzitzimimeh
  7 iron giants
  16 Brimstone Fiends
  8 liches
  7 Hell Sentinels (Dis:7)
  13 Ice Fiends
  17 titans
  6 tentacled monstrosities
  2 deep elf master archers
  15 acid blobs
  3 quicksilver dragons
  8 deep elf blademasters
  12 ancient champions
  An Executioner (Dis:7)
  6 tentacled starspawn
  5 sphinxes
  3 eldritch tentacles
  12 shadow dragons
  3 storm dragons
  6 tengu reavers
  4 thorn hunters
  The ghost of bmj180 the Impaler, an adept MiFi of Fedhas (Snake:1)
  Kirke (D:12)
  A revenant (Crypt:2)
  12 nagarajas
  23 frost giants
  14 fire giants
  5 azure jellies
  14 deep elf sorcerers
  2 orc warlords
  19 vault wardens
  13 iron dragons
  10 balrugs
  3 cacodemons
  2 curse skulls
  9 deep elf elementalists
  The ghost of Foabaekk the Unseen, a journeyman GrMo of Gozag (Lair:3)
  15 very ugly things
  59 reapers
  12 ironheart preservers
  26 war gargoyles
  A draconian annihilator (Abyss:1)
  A spriggan defender (Depths:3)
  5 ghouls
  22 stone giants
  9 vampire knights
  8 deep elf demonologists
  3 spark wasps
  2 lorocyprocas
  3 entropy weavers
  9 deep elf annihilators
  A red draconian (Volcano)
  Snorg (D:11)
  8 deep elf death magi
  6 eidola
  6 ettins
  4 death oozes
  A merfolk javelineer (Vaults:3)
  The ghost of Goblin1989 the Geomancer, a journeyman DsEE of Vehumet (Lair:3)
  6 green deaths
  6 quicksilver dragon zombies
  3 crystal guardians (Crypt:3)
  8 fire dragons
  10 blizzard demons
  16 yaktaur captains
  3 merfolk impalers
  8 jiangshi
  7 deep elf high priests
  A kraken zombie (Coc:4)
  4 rakshasas
  13 great orbs of eyes
  7 quicksilver dragon skeletons
  14 ogre magi
  Erolcha (D:11)
  21 naga warriors
  30 vault guards
  2 hell beasts
  21 hydras
  A merfolk avatar (Lair:6)
  2 spriggan air magi (Depths:4)
  5 shambling mangroves
  25 ice dragons
  4 ghost crabs
  The ghost of kae the Martial Artist, a journeyman DsTm of Wu Jian (Lair:3)
  6 centaur warriors
  18 anacondas
  21 alligators
  A satyr (Abyss:5)
  36 two-headed ogres
  4 death yaks (Lair:3)
  7 death knights
  A queen ant (Lair:6)
  12 large abominations
  29 dancing weapons
  6 deep troll shamans
  5 tengu warriors
  The ghost of Tiareth the Thaumaturge, a journeyman DEWz of Cheibriados (Lair:3)
  5 shock serpents
  16 hell hogs
  6 titan zombies
  An orc high priest (Depths:3)
  5 spriggan berserkers
  6 vampire magi
  5 thrashing horrors
  8 spriggans
  6 storm dragon zombies
  7 deep troll earth magi
  4 iron golems (Dis:7)
  27 naga sharpshooters
  23 deep elf knights
  5 wretched stars
  2 sixfirhies (Abyss:1)
  33 soul eaters
  5 titan skeletons
  A fire crab (shapeshifter) (Depths:3)
  35 hell knights
  3 ghost moth zombies
  10 iron trolls (Dis:7)
  6 salamander mystics
  3 spatial maelstroms (Abyss:1)
  8 sun demons
  23 shadow wraiths
  14 flayed ghosts
  2 storm dragon skeletons
  131 skeletal warriors
  2 sea snakes (Lair:6)
  12 unseen horrors
  7 glowing orange brains
  7 golden dragon zombies
  9 swamp dragons
  6 naga ritualists
  17 anaconda zombies
  A deep troll (shapeshifter) (Depths:1)
  17 deep trolls
  2 tengu zombies
  2 golden dragon skeletons
  An obsidian statue (Snake:1)
  4 lindwurms (Snake:4)
  14 shadow demons
  2 kraken simulacra
  18 deep elf archers
  3 shadow dragon zombies
  6 wizards
  22 ironbrand convokers
  9 anaconda skeletons
  21 necromancers
  10 orc knights
  5 wolf spiders
  3 harpies (Vaults:1)
  19 phantasmal warriors
  4 iron dragon zombies
  11 salamanders
  4 wolf spider zombies
  7 fire giant zombies
  69 deep elf magi
  16 orc sorcerers
  15 mana vipers
  2 oklob plants
  27 ugly things
  A faun (shapeshifter) (Vaults:5)
  A shining eye (shapeshifter) (Depths:3)
  A sphinx zombie (Crypt:2)
  4 cyclopes
  A manticore (D:12)
  4 iron dragon skeletons
  8 stone giant zombies
  24 elephants
  8 frost giant zombies
  8 worldbinders
  4 frost giant skeletons
  2 shadow dragon skeletons
  Joseph (D:7)
  2 shining eyes
  2 water nymphs (Abyss:5)
  A shock serpent zombie (Geh:5)
  11 molten gargoyles
  15 vault sentinels
  A moth of wrath (shapeshifter) (Vaults:5)
  An ice statue (Hell)
  A black mamba (shapeshifter) (D:15)
  3 dire elephant zombies
  30 naga magi
  9 smoke demons
  4 fire giant skeletons
  5 stone giant skeletons
  21 rust devils
  2 shock serpent skeletons
  3 eyes of devastation
  6 guardian serpents
  38 black mambas
  An apocalypse crab (Abyss:3)
  3 orange demons
  A gargoyle (D:15)
  Maurice (D:10)
  A minotaur zombie (Geh:5)
  A torpor snail (Lair:5)
  9 centaur skeletons
  30 spiny frogs
  41 yaktaurs
  40 freezing wraiths
  29 hellions
  7 rime drakes
  A rime drake (shapeshifter) (Vaults:2)
  4 efreet
  An emperor scorpion zombie (Crypt:3)
  2 dire elephant skeletons
  An elephant slug zombie (Crypt:1)
  7 komodo dragons
  38 tormentors
  12 small abominations
  A catoblepas zombie (Coc:4)
  11 red devils
  3 demonic crawlers
  3 kobold demonologists
  A yaktaur (shapeshifter) (Depths:2)
  17 hydra zombies
  An anaconda simulacrum (Coc:7)
  19 ice devils
  A yellow draconian skeleton (Crypt:2)
  3 meliai (D:14)
  8 trolls
  10 ancient zymes
  2 harpy zombies
  4 silent spectres
  A shadow dragon simulacrum (Coc:1)
  4 tengu conjurers
  2 merfolk (shapeshifter)
  A meliai (shapeshifter) (D:15)
  8 hydra skeletons
  A yaktaur skeleton (Vaults:3)
  3 ettin zombies
  26 hornets
  10 tyrant leeches
  2 polar bears (Lair:6)
  A moth of wrath zombie (Crypt:2)
  22 bog bodies
  A hornet (shapeshifter) (Vaults:3)
  4 harpy skeletons
  21 merfolk
  102 slime creatures
  A wind drake (Lair:6)
  5 dream sheep (Lair:5)
  Prince Ribbit (D:7)
  A meliai zombie (D:13)
  A fire giant simulacrum (Coc:3)
  13 raiju
  7 alligator zombies
  11 hippogriffs
  9 blink frogs
  A guardian serpent skeleton (Crypt:1)
  6 ice dragon zombies
  7 fire dragon zombies
  3 spriggan zombies (Hell)
  122 flying skulls
  4 ettin skeletons
  2 air elementals
  6 alligator skeletons
  2 spriggans (shapeshifter)
  22 shadows
  5 fire dragon skeletons
  A hog (D:12)
  An ice dragon skeleton (Coc:1)
  2 vampires
  3 ynoxinuls (Abyss:1)
  2 redbacks (Vaults:5)
  8 wyverns
  43 yaks
  21 water elementals
  3 black mamba zombies
  27 wraiths
  4 fire bats
  17 fire elementals
  4 golden eyes (Abyss:1)
  2 basilisks
  12 vampire mosquitoes
  5 hungry ghosts
  4 neqoxecs
  2 human simulacra
  4 chaos spawn
  Menkaure (D:7)
  A deep troll zombie (Vaults:3)
  A monstrous demonspawn zombie (Crypt:2)
  3 wargs
  2 spatial vortices (Abyss:1)
  24 soldier ants (Lair:6)
  2 acid dragons
  10 swamp worms
  10 spiny frog zombies
  40 hell hounds
  4 insubstantial wisps
  53 nagas
  Duvessa (D:7)
  14 water moccasins
  10 porcupines
  A torturous demonspawn zombie (Crypt:2)
  5 floating eyes
  6 sky beasts
  14 swamp drakes
  8 snapping turtle zombies
  3 spiny frog skeletons
  A black bear (D:6)
  29 orc warriors
  A hornet zombie (D:9)
  19 necrophages
  11 ice beasts
  An alligator simulacrum (Coc:5)
  A lindwurm zombie (Crypt:1)
  A black bear (shapeshifter) (Vaults:4)
  4 eyes of draining
  9 phantoms
  37 ogres
  3 swamp dragon zombies
  30 boggarts
  12 centaurs
  4 wolves (Lair:3)
  18 crocodiles
  A snapping turtle skeleton (Tar:7)
  An elf zombie (Coc:1)
  5 earth elementals
  3 big kobolds
  6 human skeletons
  11 bullfrogs
  A spiny frog simulacrum (Coc:1)
  Dowan (D:7)
  A glowing shapeshifter simulacrum (Vaults:3)
  A water moccasin zombie (D:7)
  A wyvern skeleton (D:14)
  6 scorpions
  A cyclops skeleton (Crypt:1)
  A troll zombie (Crypt:3)
  15 killer bees
  49 wights
  A spriggan skeleton (Tar:2)
  4 howler monkeys
  A polar bear skeleton (Crypt:1)
  3 electric eels
  A lava snake (Lair:2)
  17 crimson imps
  8 centaur zombies
  A bullfrog zombie (D:9)
  2 quasits
  2 hounds (D:11)
  8 jellies
  3 human zombies
  A soldier ant zombie (Crypt:2)
  28 starcursed masses
  14 orc priests
  37 orc wizards
  24 iron imps
  3 bullfrog skeletons
  A black bear skeleton (Crypt:2)
  3 iguanas
  30 worker ants
  6 hell rats
  A killer bee zombie (D:6)
  An acid dragon zombie (Crypt:1)
  2 ogre zombies
  A dwarf skeleton (Crypt:1)
  A naga skeleton (Crypt:3)
  7 mummies
  2 hound skeletons
  A worker ant zombie (D:7)
  A howler monkey zombie (D:7)
  3 gnolls (D:5)
  A howler monkey skeleton (D:5)
  13 adders
  16 shadow imps
  A steam dragon skeleton (Crypt:1)
  26 white imps
  3 ufetubi (Abyss:1)
  An ooze (D:6)
  3 worms
  A dart slug (D:4)
  A leopard gecko (D:3)
  76 orcs
  4 ball pythons
  A bat zombie (Crypt:2)
  9 giant cockroaches
  10 goblins
  12 hobgoblins
  20 jackals
  2 quokkas
  8 bats
  4 frilled lizards
  A frilled lizard zombie (Crypt:1)
  12 kobolds
  A kobold skeleton (Geh:7)
  2 leopard gecko skeletons
  An orc skeleton (Tar:7)
  2 orc zombies (Dis:7)
  A quokka skeleton (D:6)
  2 quokka zombies
  7 rats
  4 briar patches (Swamp:2)
  A bush (Lair:1)
  A butterfly (Lair:4)
  2 crawling corpses (Elf:3)
  2 fire vortices
  8 fungi (Lair:6)
  3 starspawn tentacles (Abyss:4)
  4 tentacles
3803 creatures vanquished.

Vanquished Creatures (collateral kills)
  2 yaks (Lair:4)
2 creatures vanquished.

Vanquished Creatures (others)
  2 eldritch tentacles
  6 deep elf master archers
  A shadow dragon (Vaults:5)
  A fire giant (Depths:3)
  An elemental wellspring (Coc:6)
  2 stone giants
  3 merfolk javelineers (Vaults:3)
  A yaktaur captain (Vaults:2)
  A hell beast (Hell)
  A centaur warrior (Vaults:3)
  An alligator (Swamp:1)
  A deep troll earth mage (Vaults:3)
  A soul eater (Tar:7)
  A shadow demon (Tar:7)
  2 deep elf archers
  A shadow dragon zombie (Geh:7)
  A mana viper (Snake:4)
  A deep elf mage (Vaults:2)
  12 yaktaurs
  An ice dragon zombie (Coc:7)
  An ice dragon skeleton (Coc:7)
  A yak (D:12)
  A wraith (Geh:6)
  A fire elemental (Hell)
  A centaur (Vaults:2)
  A wight (Geh:6)
  2 crimson imps
  2 iron imps (Dis:7)
  An orc wizard (Orc:2)
  A worker ant (D:12)
  3 white imps (Depths:4)
  An orc (Orc:2)
  2 bushes
  2 fire vortices
  16 fungi
  14 plants
  13 starspawn tentacles
  10 tentacles
  6 withered plants
120 creatures vanquished.

Grand Total: 3925 creatures vanquished

Notes
Turn   | Place    | Note
-------+----------+-------------------------------------------
     0 | D:1      | dvd the Minotaur Fighter began the quest for the Orb.
     0 | D:1      | Reached XP level 1. HP: 19/19 MP: 0/0
   143 | D:1      | Reached XP level 2. HP: 27/27 MP: 1/1
   508 | D:1      | Reached XP level 3. HP: 31/33 MP: 2/2
   788 | D:2      | Reached XP level 4. HP: 39/41 MP: 3/3
   999 | D:2      | Reached skill level 1 in Dodging
  1322 | D:3      | Reached XP level 5. HP: 46/47 MP: 4/4
  1795 | D:4      | Reached skill level 5 in Shields
  1801 | D:4      | Noticed a sky beast
  1813 | D:4      | HP: 2/47 [poisoned by a scorpion]
  1821 | D:4      | HP: 1/47 [poisoned by a scorpion]
  2120 | D:4      | Killed a sky beast
  2120 | D:4      | Reached skill level 5 in Fighting
  2120 | D:4      | Reached skill level 5 in Axes
  2120 | D:4      | Reached XP level 6. HP: 38/56 MP: 5/5
  2890 | D:4      | Reached XP level 7. HP: 36/61 MP: 6/6
  3487 | D:5      | Entered Level 5 of the Dungeon
  3490 | D:5      | Reached skill level 5 in Armour
  3562 | D:5      | Found Dufiki's Distillery.
  3618 | D:5      | Found a shimmering altar of Xom.
  3692 | D:5      | Found a white marble altar of Elyvilon.
  3692 | D:5      | Found a glowing golden altar of the Shining One.
  3990 | D:5      | Found Gaiz Aru's Book Emporium.
  4080 | D:5      | Found Vebia's Weapon Boutique.
  4092 | D:5      | Found Kamma's Armour Boutique.
  4095 | D:5      | Bought a +1 pair of boots for 161 gold pieces
  4095 | D:5      | Bought a +0 pair of gloves for 63 gold pieces
  4131 | D:5      | Found Odeim's Food Emporium.
  4316 | D:5      | Reached XP level 8. HP: 70/70 MP: 7/7
  4469 | D:6      | Found a staircase to the Ecumenical Temple.
  4485 | Temple   | Entered the Ecumenical Temple
  4551 | Temple   | Became a worshipper of Warmaster Okawaru
  4764 | D:6      | Reached skill level 1 in Throwing
  4764 | D:6      | Reached skill level 1 in Stealth
  5248 | D:7      | Found a glowing silver altar of Zin.
  5383 | D:7      | Noticed Menkaure
  5397 | D:7      | Killed Menkaure
  5397 | D:7      | Reached * piety under Okawaru
  5397 | D:7      | Reached XP level 9. HP: 54/78 MP: 8/8
  5428 | D:7      | Noticed Prince Ribbit
  5556 | D:7      | Noticed Joseph
  5571 | D:7      | Killed Joseph
  5812 | D:7      | Killed Prince Ribbit
  5923 | D:7      | Reached skill level 10 in Axes
  5923 | D:7      | Noticed Duvessa
  5928 | D:7      | Noticed Dowan
  5929 | D:7      | Found a blossoming altar of Fedhas.
  5932 | D:7      | Killed Duvessa
  5938 | D:7      | Killed Dowan
  7423 | D:9      | Reached ** piety under Okawaru
  7425 | D:9      | Reached XP level 10. HP: 69/88 MP: 7/9
  7607 | D:9      | Reached skill level 5 in Dodging
  7714 | D:9      | Reached *** piety under Okawaru
  7808 | D:9      | Noticed a two-headed ogre
  7816 | D:9      | Killed a two-headed ogre
  7954 | D:9      | Reached **** piety under Okawaru
  8179 | D:10     | Entered Level 10 of the Dungeon
  8264 | D:10     | Found a staircase to the Orcish Mines.
  8293 | D:10     | Killed an unseen horror
  8698 | D:10     | Received a gift from Okawaru
  8698 | D:10     | Reached XP level 11. HP: 97/97 MP: 10/10
  8711 | D:10     | Noticed Maurice
  8752 | D:10     | Killed Maurice
  9161 | Orc:1    | Entered Level 1 of the Orcish Mines
  9368 | D:5      | Bought a +3 plate armour of cold resistance for 630 gold
                  | pieces
  9672 | D:12     | Noticed a skeletal warrior
  9672 | D:12     | Noticed a skeletal warrior
  9672 | D:12     | Noticed a skeletal warrior
 10071 | D:11     | Noticed Snorg
 10094 | D:11     | Killed Snorg
 10094 | D:11     | Reached skill level 1 in Invocations
 10653 | D:11     | Killed an unseen horror
 10653 | D:11     | Received a gift from Okawaru
 10920 | D:11     | Killed an unseen horror
 10999 | D:11     | Noticed Erolcha
 11009 | D:11     | Killed Erolcha
 11066 | D:11     | Reached ***** piety under Okawaru
 11313 | D:11     | Found a staircase to the Lair.
 11497 | D:11     | Killed a skeletal warrior
 11508 | D:11     | Killed a skeletal warrior
 11508 | D:11     | Reached skill level 10 in Shields
 11970 | Lair:1   | Entered Level 1 of the Lair of Beasts
 12085 | Lair:1   | Received a gift from Okawaru
 12088 | Lair:1   | Got a jewelled broad axe {god gift}
 12089 | Lair:1   | Identified the +4 broad axe of the Sun {vamp, Str+7}
                  | (Okawaru gifted it to you on level 1 of the Lair of Beasts)
 12183 | Lair:1   | Reached skill level 10 in Fighting
 12183 | Lair:1   | Reached XP level 12. HP: 106/106 MP: 12/12
 12648 | Lair:2   | Noticed a seven-headed hydra
 12655 | Lair:2   | Killed a seven-headed hydra
 12968 | Lair:2   | Reached skill level 10 in Armour
 13152 | Lair:2   | Reached skill level 15 in Axes
 13547 | Lair:3   | Received a gift from Okawaru
 13664 | Lair:3   | Found a runed translucent gate.
 13664 | Lair:3   | Found a runed translucent gate.
 13664 | Lair:3   | Found a runed translucent gate.
 13666 | Lair:3   | Noticed Tiareth's ghost (journeyman DEWz)
 13666 | Lair:3   | Noticed Goblin1989's ghost (journeyman DsEE)
 13667 | Lair:3   | Noticed kae's ghost (journeyman DsTm)
 13667 | Lair:3   | Noticed Foabaekk's ghost (journeyman GrMo)
 13748 | Lair:3   | Reached ****** piety under Okawaru
 13821 | Lair:3   | Received a gift from Okawaru
 13834 | Lair:3   | Gained mutation: You possess an exceptional clarity of
                  | mind. [potion of mutation]
 13834 | Lair:3   | Gained mutation: You have a pair of large horns on your
                  | head. [potion of mutation]
 13834 | Lair:3   | Gained mutation: You expend magic power (3 MP) to
                  | strengthen your wands. [potion of mutation]
 14012 | Lair:3   | Found a staircase to the Snake Pit.
 14063 | Lair:3   | Reached skill level 5 in Throwing
 14238 | Lair:3   | Noticed a death yak
 14238 | Lair:3   | Noticed a death yak
 14239 | Lair:3   | Noticed a death yak
 14241 | Lair:3   | Noticed a death yak
 14252 | Lair:3   | Killed a death yak
 14255 | Lair:3   | Killed a death yak
 14261 | Lair:3   | Killed a death yak
 14266 | Lair:3   | Killed a death yak
 14268 | Lair:3   | Received a gift from Okawaru
 14268 | Lair:3   | Reached XP level 13. HP: 116/116 MP: 13/13
 14271 | Lair:3   | Got a warped chain mail {god gift}
 14288 | Lair:3   | Identified the +7 chain mail of Jysaich {rPois rN+}
                  | (Okawaru gifted it to you on level 3 of the Lair of Beasts)
 14295 | Lair:3   | Found a staircase to the Swamp.
 15595 | Lair:5   | Found a dark tunnel.
 15683 | Volcano  | Entered a volcano
 15702 | Volcano  | Found a radiant altar of Vehumet.
 15738 | Volcano  | Noticed a red draconian
 15769 | Volcano  | Killed a red draconian
 16080 | Lair:5   | Noticed a fire dragon
 16106 | Lair:5   | Killed a fire dragon
 16106 | Lair:5   | Received a gift from Okawaru
 16831 | Lair:6   | Entered Level 6 of the Lair of Beasts
 16852 | Lair:6   | Noticed an entropy weaver
 16872 | Lair:6   | Reached XP level 14. HP: 116/125 MP: 15/15
 16890 | Lair:6   | Killed an entropy weaver
 16890 | Lair:6   | Received a gift from Okawaru
 16891 | Lair:6   | Noticed an entropy weaver
 16914 | Lair:6   | Killed an entropy weaver
 16914 | Lair:6   | Received a gift from Okawaru
 16940 | Lair:6   | Got a bloodstained plate armour {god gift}
 17022 | Lair:5   | Identified the +0 plate armour "Iriog" {rPois rF- Str+4
                  | Slay+3} (Okawaru gifted it to you on level 6 of the Lair of
                  | Beasts)
 17127 | Lair:6   | Found a staircase to the Slime Pits.
 17750 | Lair:6   | Got a faintly humming leather armour
 17761 | Lair:6   | Identified the +3 leather armour "Acrabockucw" {MP+9} (You
                  | found it on level 6 of the Lair of Beasts)
 18314 | Orc:1    | Noticed a stone giant
 18326 | Orc:1    | Killed a stone giant
 18517 | Orc:2    | Entered Level 2 of the Orcish Mines
 18540 | Orc:2    | Found a roughly hewn altar of Beogh.
 18739 | Orc:2    | Found a staircase to the Elven Halls.
 18960 | Orc:2    | Found Jeokhlic's Distillery.
 18961 | Orc:2    | Received a gift from Okawaru
 18964 | Orc:2    | Got a brightly glowing quarterstaff {god gift}
 18973 | Orc:2    | Identified the +5 quarterstaff of the Extremes {crush,
                  | *Corrode rPois Str+2} (Okawaru gifted it to you on level 2
                  | of the Orcish Mines)
 19034 | Orc:2    | Found an ancient bone altar of Kikubaaqudgha.
 19145 | Orc:2    | Found a radiant altar of Vehumet.
 19168 | Orc:2    | Found a roughly hewn altar of Beogh.
 19168 | Orc:2    | Found Oschuum's Magic Scroll Boutique.
 19181 | Orc:2    | Reached XP level 15. HP: 136/136 MP: 16/16
 19186 | Orc:2    | Found Hosac's Antique Armour Shop.
 19196 | Orc:2    | Found Jelell's Book Shop.
 19198 | Orc:2    | Bought a shiny large shield for 202 gold pieces
 19213 | Orc:2    | Bought a scorched plate armour for 756 gold pieces
 19223 | Orc:2    | Identified the +1 plate armour of the Nine Lovers {Dex+10}
                  | (You bought it in a shop on level 2 of the Orcish Mines)
 20071 | D:12     | Noticed Kirke
 20087 | D:12     | Killed Kirke
 20252 | D:12     | Found Casaonk's Magic Scroll Shoppe.
 20265 | D:12     | Bought 2 scrolls of enchant armour for 255 gold pieces
 20979 | D:13     | Received a gift from Okawaru
 21044 | D:13     | Found a gate to the Vaults.
 21678 | D:14     | Found Bier's Book Shop.
 22129 | D:15     | Entered Level 15 of the Dungeon
 22174 | D:15     | Received a gift from Okawaru
 22177 | D:15     | Got a twisted war axe {god gift}
 22178 | D:15     | Identified the +8 war axe "Qycev" {vamp, rF+ rN+ Int-4}
                  | (Okawaru gifted it to you on level 15 of the Dungeon)
 22462 | D:15     | Found a staircase to the Depths.
 22473 | D:15     | Reached skill level 15 in Shields
 22923 | Snake:1  | Entered Level 1 of the Snake Pit
 23071 | Snake:1  | Received a gift from Okawaru
 23155 | Snake:1  | Received a gift from Okawaru
 23155 | Snake:1  | Reached XP level 16. HP: 130/146 MP: 17/17
 23386 | Snake:1  | Received a gift from Okawaru
 23402 | Snake:1  | Found a runed translucent gate.
 23402 | Snake:1  | Found a runed translucent gate.
 23402 | Snake:1  | Found a runed translucent gate.
 23403 | Snake:1  | Found an opulent altar of Gozag.
 23403 | Snake:1  | Found Himiud's Assorted Antiques.
 23403 | Snake:1  | Noticed bmj180's ghost (adept MiFi)
 23913 | Snake:1  | Killed bmj180's ghost
 23949 | Snake:1  | Bought 3 scrolls of enchant armour for 630 gold pieces
 24072 | Snake:2  | Noticed Nikola
 24088 | Snake:2  | Killed Nikola
 24165 | Snake:2  | Noticed Vashnia
 24341 | Snake:2  | Received a gift from Okawaru
 24368 | Snake:2  | Killed Vashnia
 24368 | Snake:2  | Received a gift from Okawaru
 24479 | Snake:2  | Reached skill level 15 in Fighting
 25365 | Snake:3  | Noticed Saint Roka
 25405 | Snake:3  | Killed Saint Roka
 25472 | Snake:3  | Found Kosilyja's Antique Weapon Shoppe.
 25628 | Snake:3  | Reached XP level 17. HP: 155/156 MP: 18/18
 25859 | Snake:3  | Received a gift from Okawaru
 26158 | Snake:4  | Entered Level 4 of the Snake Pit
 26167 | Snake:4  | Received a gift from Okawaru
 26268 | Snake:4  | Received a gift from Okawaru
 26997 | Snake:4  | Received a gift from Okawaru
 27196 | Snake:4  | Reached XP level 18. HP: 165/166 MP: 13/19
 27236 | Snake:4  | Got a serpentine rune of Zot
 27406 | Snake:4  | Got a scintillating turquoise ring
 27408 | Snake:4  | Identified the cursed ring of the Secret Continents {+Blink
                  | EV-6 Int+8 Dex-4} (You found it on level 4 of the Snake
                  | Pit)
 27785 | Swamp:1  | Entered Level 1 of the Swamp
 27946 | Swamp:1  | Received a gift from Okawaru
 27973 | Swamp:1  | Received a gift from Okawaru
 29481 | Swamp:3  | Received a gift from Okawaru
 29569 | Swamp:3  | Received a gift from Okawaru
 30102 | Swamp:4  | Entered Level 4 of the Swamp
 30124 | Swamp:4  | Received a gift from Okawaru
 30137 | Swamp:4  | Noticed a tentacled monstrosity
 30150 | Swamp:4  | Killed a tentacled monstrosity
 30202 | Swamp:4  | Reached XP level 19. HP: 156/177 MP: 20/20
 30457 | Swamp:4  | Noticed the 27-headed Lernaean hydra
 30471 | Swamp:4  | Killed the 20-headed Lernaean hydra
 30489 | Swamp:4  | Got a decaying rune of Zot
 30768 | Swamp:4  | Found the +3 crown of Dyrovepreva {rElec Int+2 SInv}
 31245 | D:5      | Bought 2 potions of mutation for 176 gold pieces
 31250 | D:5      | Lost mutation: You have a pair of large horns on your head.
                  | [potion of mutation]
 31250 | D:5      | Lost mutation: You possess an exceptional clarity of mind.
                  | [potion of mutation]
 31250 | D:5      | Gained mutation: You are resistant to electric shocks.
                  | (rElec) [potion of mutation]
 31250 | D:5      | Gained mutation: You have a pair of large horns on your
                  | head. [potion of mutation]
 31250 | D:5      | Gained mutation: Your flesh is cold resistant. (rC+)
                  | [potion of mutation]
 31488 | Lair:3   | Killed Goblin1989's ghost
 31496 | Lair:3   | Killed kae's ghost
 31498 | Lair:3   | Killed Tiareth's ghost
 31498 | Lair:3   | Received a gift from Okawaru
 31507 | Lair:3   | Killed Foabaekk's ghost
 31751 | Elf:1    | Entered Level 1 of the Elven Halls
 32381 | Elf:1    | Identified the +1 ring mail of the Ageless Scars {rElec
                  | Dex+4} (You found it on level 1 of the Elven Halls)
 32403 | Elf:1    | Found a runed translucent gate.
 32403 | Elf:1    | Found a runed translucent gate.
 32403 | Elf:1    | Found a runed translucent gate.
 32403 | Elf:1    | Found a runed translucent gate.
 32403 | Elf:1    | Found a runed translucent gate.
 32412 | Elf:1    | Found a runed translucent gate.
 32676 | Elf:1    | Identified the +2 ring mail of Youthful Indiscretion {rPois
                  | rF- rC+ SInv}
 32966 | Elf:2    | Identified the +2 leather armour "Otaff" {+Fly rF++ MR+++
                  | Dex-3} (You found it on level 2 of the Elven Halls)
 33063 | Elf:2    | Received a gift from Okawaru
 33071 | Elf:2    | Identified the +11 crystal plate armour of Context {*Slow
                  | rF+ rC+ MR+} (Okawaru gifted it to you on level 2 of the
                  | Elven Halls)
 33209 | Elf:2    | Found a runed translucent door.
 33232 | Elf:2    | Found a runed translucent door.
 33476 | Elf:2    | Reached XP level 20. HP: 189/189 MP: 22/22
 33809 | Elf:2    | Found Lieqim's Antique Weapon Shop.
 33881 | Elf:3    | Entered Level 3 of the Elven Halls
 34400 | Elf:3    | Reached skill level 15 in Armour
 34492 | Elf:3    | Received a gift from Okawaru
 34527 | Elf:3    | Received a gift from Okawaru
 34695 | Elf:3    | Identified the cursed +0 long sword of Cuemoe {flame, rC+
                  | Str+2 Dex-5}
 34719 | Elf:3    | Identified the +8 rapier "Affuamo" {venom, MR+}
 34730 | Elf:3    | Received a gift from Okawaru
 34776 | Elf:3    | Identified the +7 spear of Balance {elec, Str+3 Int+4} (You
                  | found it on level 3 of the Elven Halls)
 34793 | Elf:3    | Identified the +6 scale mail of Xaukor {+Inv} (You found it
                  | on level 3 of the Elven Halls)
 34884 | Elf:3    | Identified the Incunabulum of Instinct
 35328 | Vaults:1 | Entered Level 1 of the Vaults
 35432 | Vaults:1 | Received a gift from Okawaru
 35831 | Vaults:1 | Received a gift from Okawaru
 35834 | Vaults:1 | Got a scorched war axe {god gift}
 35835 | Vaults:1 | Identified the +0 war axe of Destiny {protect, +Fly MR+
                  | Int+2} (Okawaru gifted it to you on level 1 of the Vaults)
 35884 | Vaults:1 | Found Uxorir's Antique Weapon Emporium.
 36309 | Vaults:1 | Identified the cursed +3 arbalest "Jaywarch" {flame, +Blink
                  | rF+ MR+ Dex+4} (You found it on level 1 of the Vaults)
 36546 | Vaults:2 | Reached XP level 21. HP: 199/199 MP: 23/23
 36858 | Vaults:2 | Received a gift from Okawaru
 37004 | Vaults:2 | Found a burning altar of Makhleb.
 37023 | Vaults:2 | Fell from the grace of Okawaru
 37023 | Vaults:2 | Became a worshipper of Makhleb the Destroyer
 37349 | Vaults:2 | Reached * piety under Makhleb
 37397 | Vaults:2 | Identified Sif Muna's Reference Book on Icy Augmentations
 37462 | Vaults:2 | Found Gamaskyt's General Store.
 37470 | Vaults:2 | Bought a potion of mutation for 96 gold pieces
 37470 | Vaults:2 | Lost mutation: You expend magic power (3 MP) to strengthen
                  | your wands. [potion of mutation]
 37470 | Vaults:2 | Lost mutation: You have a pair of large horns on your head.
                  | [potion of mutation]
 37470 | Vaults:2 | Gained mutation: You are agile. (Dex +2) [potion of
                  | mutation]
 37739 | Vaults:3 | Found Ment's Magic Scroll Emporium.
 37893 | Vaults:3 | Reached ** piety under Makhleb
 37941 | Vaults:3 | Found a staircase to the Crypt.
 38059 | Vaults:3 | Found Piwiegoifu's Antique Weapon Emporium.
 38148 | Vaults:3 | Found the +6 lightning scales {run, rElec}
 38242 | Vaults:3 | Found Miamiodil's Food Boutique.
 38589 | Vaults:3 | Reached *** piety under Makhleb
 38663 | Vaults:3 | Found Rawk's Antique Weapon Shop.
 39276 | Vaults:4 | Reached **** piety under Makhleb
 39316 | Vaults:4 | Reached XP level 22. HP: 211/211 MP: 24/24
 39863 | Vaults:4 | Reached ***** piety under Makhleb
 40562 | Crypt:1  | Entered Level 1 of the Crypt
 41568 | Crypt:2  | Reached ****** piety under Makhleb
 42119 | Crypt:3  | Entered Level 3 of the Crypt
 42163 | Crypt:3  | Reached XP level 23. HP: 220/220 MP: 25/25
 42495 | Crypt:3  | Noticed an ancient lich
 42508 | Crypt:3  | Killed an ancient lich
 42512 | Crypt:3  | Found a basalt altar of Yredelemnul.
 42553 | Crypt:3  | Got a brightly glowing copper ring
 42555 | Crypt:3  | Identified the ring "Ateluki" {Fire Dex+2} (You found it on
                  | level 3 of the Crypt)
 42560 | Crypt:3  | Got a faintly glowing ivory ring
 42562 | Crypt:3  | Identified the ring "Bebuseapt" {rPois SInv} (You found it
                  | on level 3 of the Crypt)
 42691 | Crypt:3  | Found a staircase to the Tomb.
 42992 | Crypt:3  | Was forgiven by Okawaru
 43248 | Vaults:5 | Entered Level 5 of the Vaults
 43489 | Vaults:5 | Found Coutant's Magic Scroll Shoppe.
 43586 | Vaults:5 | Found Ohovas's Gadget Boutique.
 43646 | Vaults:5 | Reached XP level 24. HP: 231/231 MP: 25/25
 43682 | Vaults:5 | Found Odi Mesch's Distillery.
 43682 | Vaults:5 | Found Piukly's Antique Armour Boutique.
 43686 | Vaults:5 | Found Norezuprupn's Magic Scroll Shoppe.
 43700 | Vaults:5 | Bought a potion of experience for 850 gold pieces
 43700 | Vaults:5 | Reached skill level 10 in Throwing
 43700 | Vaults:5 | Reached skill level 1 in Evocations
 43700 | Vaults:5 | Reached XP level 25. HP: 238/238 MP: 25/25
 43883 | Vaults:5 | Found Poryireb's Magic Scroll Shoppe.
 43980 | Vaults:5 | Found Ruciriut's Food Emporium.
 44005 | Vaults:5 | Found Xifeimuekk's Food Shop.
 44025 | Vaults:5 | Got a silver rune of Zot
 44075 | Vaults:5 | Noticed an ancient lich
 44086 | Vaults:5 | Killed an ancient lich
 45027 | Depths:1 | Entered Level 1 of the Depths
 45146 | Depths:1 | Found a runed translucent gate.
 45146 | Depths:1 | Found a runed translucent gate.
 45146 | Depths:1 | Found a runed translucent gate.
 45310 | Depths:1 | You fall through a shaft!
 45335 | Depths:2 | Found Fizoc's Assorted Antiques.
 45393 | Depths:2 | Found a gateway to Hell.
 45424 | Depths:2 | Found a portal to a secret trove of treasure.
 46428 | Depths:2 | You paid a toll of a +6 demon trident to enter a treasure
                  | trove
 46429 | Trove    | Entered a treasure trove
 46448 | Trove    | Identified the +3 battleaxe of Spite {antimagic, rElec rC+
                  | rN++ Str-4} (You found it in a treasure trove)
 46573 | Depths:2 | Reached skill level 27 in Shields
 46914 | Depths:2 | Found the +6 Majin-Bo {vamp, Archmagi MP+6 Int+6}
 47054 | Depths:2 | Found Lomidil's Jewellery Shoppe.
 47056 | Depths:2 | Found Jahor's Gadget Boutique.
 47057 | Depths:2 | Found Nihehoh's Jewellery Shoppe.
 47071 | Depths:2 | Bought the amulet "Avahe" {Acrobat rPois Slay+6} for 1261
                  | gold pieces
 47075 | Depths:2 | Bought the ring "Peithrehi" {rC+ MR+ Str+4} for 900 gold
                  | pieces
 47080 | Depths:2 | Bought the ring of the Aged Dreams {rPois rF+ Slay+3} for
                  | 885 gold pieces
 47318 | Depths:3 | Got a heavily runed amber ring
 47319 | Depths:3 | Identified the ring of Darkness {Int+3 Dex+3} (You found it
                  | on level 3 of the Depths)
 47360 | Depths:3 | Paralysed by a floating eye for 4 turns
 47464 | Depths:3 | Got a shimmering jade ring
 47465 | Depths:3 | Identified the ring "Jileklek" {rN+ MR+ Dex+7} (You found
                  | it on level 3 of the Depths)
 47481 | Depths:3 | Paralysed by a floating eye for 2 turns
 47484 | Depths:3 | Paralysed by a floating eye for 4 turns
 47600 | Depths:3 | Identified the ring "Deij" {Wiz Slay+2} (You found it on
                  | level 3 of the Depths)
 47697 | Depths:3 | Found a bloodstained altar of Trog.
 47825 | Depths:3 | Found a blossoming altar of Fedhas.
 47856 | Depths:3 | Reached XP level 26. HP: 251/251 MP: 25/25
 47944 | Depths:3 | Found a one-way gate leading to the halls of Pandemonium.
 47947 | Depths:3 | Gained mutation: You are surrounded by a mild repulsion
                  | field. (EV +2) [a shining eye]
 48014 | Depths:3 | Noticed Margery
 48030 | Depths:3 | Killed Margery
 48390 | Depths:4 | Got a faintly glowing bronze ring
 48392 | Depths:4 | Identified the ring "Vaikhlea" {+Fly rN+} (You found it on
                  | level 4 of the Depths)
 48431 | Depths:4 | Identified the Collected Works on Conjuration and
                  | Displacement
 48436 | Depths:4 | Identified the +7 chain mail of the Thirteen Dreams {Regen+
                  | Str+8 Stlth+} (You found it on level 4 of the Depths)
 48438 | Depths:4 | Identified Kikubaaqudgha's Compendium of Necromancy
 48461 | Depths:4 | Found a corrupted altar of Lugonu.
 48462 | Depths:4 | Found a one-way gate to the infinite horrors of the Abyss.
 48704 | Depths:4 | Identified the +8 rapier "Ogre's Foe" {pierce, Int+2}
 49198 | Depths:4 | Voluntarily entered the Abyss.
 49226 | Abyss:1  | Identified the +5 long sword "Notzufan" {slice, *Noise +Inv
                  | Stlth+} (You found it on level 1 of the Abyss)
 50539 | Abyss:2  | Found a deep blue altar of Sif Muna.
 50610 | Abyss:3  | Identified a scroll of acquirement
 50768 | Abyss:4  | Paralysed by accursed screaming for 1 turns
 50774 | Abyss:4  | Reached skill level 27 in Axes
 50945 | Abyss:5  | Entered Level 5 of the Abyss
 50945 | Abyss:5  | Entered Level 5 of the Abyss
 50975 | Abyss:5  | Reached XP level 27. HP: 266/266 MP: 25/25
 51042 | Abyss:5  | Got an abyssal rune of Zot
 51069 | Depths:4 | Escaped the Abyss
 51395 | Slime:1  | Entered Level 1 of the Pits of Slime
 51482 | Slime:1  | Got a pair of encrusted boots
 51493 | Slime:1  | Identified the +3 pair of boots of the Locust {rN+ MR+}
                  | (You acquired it on level 1 of the Pits of Slime)
 52350 | Slime:5  | Entered Level 5 of the Pits of Slime
 52401 | Slime:5  | Noticed the Royal Jelly
 52404 | Slime:5  | Found a viscous altar of Jiyva.
 52411 | Slime:5  | Killed the Royal Jelly
 52414 | Slime:5  | Reached skill level 10 in Dodging
 52435 | Slime:5  | Gained mutation: Scrolls take you a little longer to read.
                  | [a shining eye]
 52473 | Slime:5  | Got a slimy rune of Zot
 52490 | Slime:5  | Identified the cursed +1 mace "Kyedip" {flame, rF+} (You
                  | found it on level 5 of the Pits of Slime)
 52542 | Slime:5  | Got a crude marble ring
 52544 | Slime:5  | Identified the ring "Vockeg" {rF+ MP+9 Int+7} (You acquired
                  | it on level 5 of the Pits of Slime)
 52612 | Slime:5  | Identified the +9 hand axe "Enaacumm" {chop, +Inv rF+} (You
                  | found it on level 5 of the Pits of Slime)
 52621 | Slime:5  | Identified the +1 plate armour of the First Snow {Dex+4
                  | Slay+2} (You found it on level 5 of the Pits of Slime)
 52733 | Slime:1  | Gained mutation: Your mind is acute. (Int +2) [a shining
                  | eye]
 52735 | Slime:1  | Gained mutation: Potions are less effective at restoring
                  | your health. [a shining eye]
 53060 | Hell     | Entered the Vestibule of Hell
 53060 | Hell     | Noticed Geryon
 53091 | Hell     | Killed Geryon
 53137 | Hell     | Found a gateway to the ashen valley of Gehenna.
 53239 | Hell     | Gained mutation: Potions are poor at restoring your health.
                  | [a cacodemon]
 53307 | Hell     | Found a gateway to the decaying netherworld of Tartarus.
 53489 | Hell     | Found a gateway to the Iron City of Dis.
 53614 | Hell     | Found a gateway to the freezing wastes of Cocytus.
 53759 | Dis:1    | Entered Level 1 of the Iron City of Dis
 54432 | Dis:7    | Entered Level 7 of the Iron City of Dis
 54476 | Dis:7    | Reached skill level 27 in Fighting
 54678 | Dis:7    | Reached skill level 5 in Invocations
 54734 | Dis:7    | Reached skill level 15 in Throwing
 54980 | Dis:7    | Identified the ring "Quskewiq" {rF+ MR++ Int+4 Stlth-} (You
                  | found it on level 7 of the Iron City of Dis)
 55132 | Dis:7    | Got a glittering copper ring
 55134 | Dis:7    | Identified the ring of Trepidation {-Tele rElec rF+ Dex+3
                  | SInv} (You found it on level 7 of the Iron City of Dis)
 55607 | Dis:7    | Identified the +4 staff of Dispater
 55607 | Dis:7    | Noticed Dispater
 55652 | Dis:7    | Killed Dispater
 55689 | Dis:7    | Got an iron rune of Zot
 56350 | Geh:1    | Entered Level 1 of Gehenna
 56884 | Geh:7    | Entered Level 7 of Gehenna
 57110 | Geh:7    | Identified the +2 plate armour of the Special Stars {rF+
                  | Str+4 Int+5} (You found it on level 7 of Gehenna)
 57193 | Geh:7    | Learned a level 5 spell: Aura of Abjuration
 57360 | Geh:7    | Identified the ring of Linearity {*Slow rPois Dex+4}
 57443 | Geh:7    | Reached skill level 1 in Summonings
 57444 | Geh:7    | Identified the +7 sceptre of Asmodeus
 57444 | Geh:7    | Noticed Asmodeus
 57449 | Geh:7    | Reached skill level 1 in Spellcasting
 57467 | Geh:7    | Killed Asmodeus
 57505 | Geh:7    | Got an obsidian rune of Zot
 57683 | Geh:7    | Reached skill level 10 in Invocations
 57791 | Tar:1    | Entered Level 1 of Tartarus
 58311 | Tar:7    | Entered Level 7 of Tartarus
 58361 | Tar:7    | Reached skill level 27 in Armour
 58447 | Tar:7    | Reached skill level 15 in Dodging
 59580 | Tar:7    | Noticed Ereshkigal
 59605 | Tar:7    | Killed Ereshkigal
 59605 | Tar:7    | Reached skill level 5 in Summonings
 59668 | Tar:7    | Got a bone rune of Zot
 59923 | Tar:7    | Reached skill level 5 in Spellcasting
 60136 | Tar:7    | Identified the +0 pair of boots of the Vaults {-Tele Str+4
                  | Int+8 Dex-2} (You found it on level 7 of Tartarus)
 60968 | Tar:7    | Identified the cursed +1 chain mail of Vlad {*Drain rN+
                  | Str+5} (You found it on level 7 of Tartarus)
 60975 | Tar:7    | Identified the +3 broad axe "Zaneib" {drain, Fragile rN++}
                  | (You found it on level 7 of Tartarus)
 60983 | Tar:7    | Identified the Disquisition on Assistive Envenoming
 61155 | Coc:1    | Entered Level 1 of Cocytus
 62642 | Coc:7    | Entered Level 7 of Cocytus
 62670 | Coc:7    | Noticed the Serpent of Hell
 62689 | Coc:7    | Killed the Serpent of Hell
 62696 | Coc:7    | Noticed Antaeus
 62712 | Coc:7    | HP: 10/273 [??? (5)]
 62720 | Coc:7    | HP: 13/273 [Antaeus (33)]
 62722 | Coc:7    | HP: 6/273 [blizzard demon/bolt of lightning (3)]
 62728 | Coc:7    | HP: 1/273 [blizzard demon/the air (15)]
 62734 | Coc:7    | HP: 13/273 [Ice Fiend/bolt of cold (3)]
 62738 | Coc:7    | Mangled by Antaeus

Skill      XL: |  1  2  3  4  5  6  7  8  9 10 11 12 13 14 15 16 17 18 19 20 21 22 23 24 25 26 27 |
---------------+----------------------------------------------------------------------------------+-----
Fighting       | 4 5 6 7 9 10 11 13 14 15 16 17 18 19 20 21 22 23 25 27 | 27.0
Shields        | 4 5 6 7 8 10 11 12 13 15 17 19 20 22 23 24 25 26 27 | 27.0
Armour         | 4 5 6 7 9 10 11 12 13 14 15 17 18 19 20 21 27 | 27.0
Axes           | 3 5 7 9 11 13 14 15 17 18 19 20 21 22 23 24 25 27 | 27.0
Dodging        | 1 2 3 4 5 6 7 8 9 17 | 17.8
Throwing       | 1 2 3 5 6 7 8 9 10 12 19 | 19.4
Stealth        | 1 2 3 4 |  4.0
Invocations    | 2 3 4 13 | 13.4
Evocations     | 1 3 |  3.4
Summonings     | 8 |  8.6
Spellcasting   | 7 |  7.9

Action                   |  1- 3 |  4- 6 |  7- 9 | 10-12 | 13-15 | 16-18 | 19-21 | 22-24 | 25-27 || total
-------------------------+-------+-------+-------+-------+-------+-------+-------+-------+-------++-------
Melee: War axe           |    52 |   132 |   237 |   358 |       |    17 |    50 |       |       ||   846
       Headbutt          |     5 |    27 |    43 |   144 |   290 |   385 |   556 |   470 |  1671 ||  3591
       Broad axe         |       |       |       |   171 |   981 |  1078 |  1485 |  1156 |  4094 ||  8965
Throw: Javelin           |       |       |    17 |    83 |    72 |    33 |    73 |     8 |    24 ||   310
       Tomahawk          |       |       |       |       |    16 |    66 |     8 |       |       ||    90
Invok: Heroism           |       |       |     5 |    20 |    12 |    15 |    10 |       |       ||    62
       Finesse           |       |       |       |       |     1 |     2 |     1 |       |       ||     4
       Minor Destruction |       |       |       |       |       |       |       |     1 |       ||     1
Evoke: Wand              |       |       |       |       |     9 |     2 |       |       |     4 ||    15
  Use: Potion            |       |     3 |       |    10 |     4 |     3 |     3 |     1 |    12 ||    36
       Scroll            |       |       |     9 |    11 |    16 |     8 |    15 |     1 |    35 ||    95
 Stab: Sleeping          |       |       |     1 |       |       |       |       |       |       ||     1
       Confused          |       |       |       |       |       |     4 |       |       |       ||     4
       Distracted        |       |       |       |       |       |       |       |     2 |     1 ||     3
       Invisible         |       |       |       |       |       |       |       |       |     2 ||     2
  Eat: Chunk             |       |     6 |    24 |    26 |    47 |    38 |    36 |    12 |    31 ||   220
       Ration            |       |       |       |       |       |       |       |     1 |    10 ||    11
Armor: Scale mail        |    36 |    50 |       |       |     7 |       |       |       |       ||    93
       Ring mail         |       |       |    76 |    45 |     2 |       |       |       |       ||   123
       Plate armour      |       |       |       |   307 |       |    16 |       |       |       ||   323
       Chain mail        |       |       |       |       |   356 |   280 |   166 |       |       ||   802
       Crystal plate arm |       |       |       |       |       |       |   309 |   282 |   819 ||  1410
Dodge: Dodged            |    18 |    44 |    94 |   167 |   323 |   263 |   336 |   170 |  1143 ||  2558
Block: Shield            |    32 |    84 |   142 |   313 |   422 |       |       |       |       ||   993
       Large shield      |       |       |       |       |   379 |  1650 |  2154 |  1628 |  5390 || 11201
       Reflection        |       |       |       |       |       |       |   130 |    80 |    16 ||   226
